AoeStats
← Artemis6639

Arabia

510329065Analyzed
1v1 RM · 3d ago on Sep 30, 2026· 65m 43s· 2 players
Game mode
Random Map
Map size
Tiny (2 player)
Population
200
Speed
Normal
Resources
Standard
Victory
Conquest
Starting age
Dark Age
Ending age
Imperial Age
RankedLock teamsTeams togetherTeam positionsShared explorationLock speedFull tech treeHidden civsTurbo modeCheats
Victory
Defeat
🇸🇪 Teutons · Sweden
1016
+16
🇹🇭 Japanese · Thailand
1023
-16
Artemis6639
2:55 Loom
10:51 Feudal Age
12:05 Horse Collar
12:42 Double-Bit Axe
19:44 Castle Age
20:09 Wheelbarrow
22:10 Heavy Plow
26:49 Stone Mining
26:52 Gold Mining
33:04 Fletching
37:31 Imperial Age
35:37 Bodkin Arrow
37:01 Bow Saw
38:12 Hand Cart
37:43 Town Watch
38:40 Crenellations
38:55 Crenellations
38:57 Conscription
38:35 Onager
40:51 Siege Engineers
41:39 Bloodlines
41:48 Scale Barding Armor
41:56 Forging
42:49 Guard Tower
46:26 Chain Barding Armor
46:42 Iron Casting
48:24 Plate Barding Armor
49:15 Two-Man Saw
49:31 Blast Furnace
50:42 Ironclad
54:17 Siege Onager
Minotan
6:13 Loom
9:19 Feudal Age
9:24 Man-at-Arms
13:24 Fletching
14:34 Horse Collar
21:44 Castle Age
22:10 Bloodlines
22:05 Padded Archer Armor
22:07 Crossbowman
24:00 Bodkin Arrow
26:47 Leather Archer Armor
26:51 Double-Bit Axe
27:48 Wheelbarrow
29:02 Gold Mining
30:43 Ballistics
31:26 Bow Saw
33:59 Thumb Ring
39:15 Imperial Age
39:42 Hand Cart
40:06 Gold Shaft Mining
40:04 Bracer
40:01 Light Cavalry
41:33 Ring Archer Armor
41:07 Husbandry
40:32 Heavy Cavalry Archer
44:53 Forging
56:10 Stone Mining
59:38 Scale Mail Armor
58:59 Pikeman
60:16 Pikeman
61:05 Halberdier
61:47 Squires
Connection lost

Rejoining the realm…

Still unreachable

The connection could not be restored.

Session expired

The server has moved on; the page needs a fresh start.